 Dungeon Crawl Stone Soup version 0.28.0-43-g3370ac3207 (webtiles) character file.

Game seed: 6653811889313320681

161 weregamer the Bolt Thrower (level 5, -2/41 HPs)
             Began as a Gnoll Wanderer on Mar 28, 2022.
             Slain by an ogre
             ... wielding a +0 giant spiked club
              (27 damage)
             ... on level 4 of the Dungeon.
             The game lasted 00:25:00 (2068 turns).

weregamer the Bolt Thrower (Gnoll Wanderer)         Turns: 2068, Time: 00:25:00

Health: -2/41      AC: 10    Str: 13    XL:     5   Next: 42%
Magic:  7/7        EV: 10    Int:  8    God:
Gold:   72         SH:  0    Dex: 15    Spells: 5/6 levels left

rFire   . . .      SeeInvis .   h - +3 battleaxe (vamp)
rCold   . . .      Faith    .   (shield currently unavailable)
rNeg    . . .      Spirit   .   e - +1 scale mail
rPois   .          Reflect  .   p - +1 helmet
rElec   .          Harm     .   (no cloak)
rCorr   .          Rampage  .   (no gloves)
Will    .....                   (no boots)
Stlth   +.........              j - amulet of regeneration
HPRegen 0.93/turn               (no ring)
MPRegen 0.10/turn               (no ring)

@: no status effects
A: fangs 1, strong nose, distributed training
a: no special abilities


You were on level 4 of the Dungeon.
You visited 1 branch of the dungeon, and saw 4 of its levels.

You collected 78 gold pieces.
You donated 6 gold pieces to Zin.

Inventory:

Hand Weapons
 a - a +0 vorpal hand crossbow
 c - a +0 hunting sling
 h - a +3 vampiric battleaxe (weapon)
 o - a +2 dagger of speed
Missiles
 b - 3 bolts
 d - 18 sling bullets
 g - 91 stones (quivered)
 l - 8 poisoned darts
Armour
 e - a +1 scale mail (worn)
 f - a +0 ring mail
 m - a +0 ring mail
 p - a +1 helmet (worn)
 t - a +0 leather armour
Jewellery
 j - an amulet of regeneration (around neck)
 x - an amulet of faith
Wands
 w - a wand of iceblast (4)
 y - a wand of mindburst (12)
Scrolls
 r - a scroll of immolation
 s - a scroll of blinking
 v - a scroll of vulnerability {unknown}
Potions
 i - 2 potions of berserk rage {unknown}
 k - a potion of flight {unknown}
 n - a potion of brilliance {unknown}
 q - a potion of magic {unknown}
 u - a potion of haste {unknown}


   Skills:
 + Level 3.0 Fighting
 + Level 1.4 Short Blades
 + Level 1.4 Long Blades
 + Level 1.4 Axes
 + Level 1.4 Maces & Flails
 + Level 1.4 Polearms
 + Level 1.4 Staves
 + Level 3.0 Slings
 + Level 1.4 Bows
 + Level 6.7 Crossbows
 + Level 1.4 Throwing
 + Level 4.8 Armour
 + Level 3.0 Dodging
 + Level 1.4 Stealth
 + Level 1.4 Shields
 + Level 1.4 Unarmed Combat
 + Level 1.4 Spellcasting
 + Level 1.1 Conjurations
 + Level 1.1 Hexes
 + Level 1.1 Summonings
 + Level 1.1 Necromancy
 + Level 1.1 Translocations
 + Level 1.1 Transmutations
 + Level 1.1 Fire Magic
 + Level 1.1 Ice Magic
 + Level 1.1 Air Magic
 + Level 1.1 Earth Magic
 + Level 1.1 Poison Magic
 + Level 1.6 Invocations
 + Level 4.8 Evocations


You had 5 spell levels left.
You knew the following spells:

 Your Spells              Type           Power      Damage    Failure   Level
a - Slow                  Hex            8%         N/A       69%         1

Your spell library contained the following spells:

 Spells                   Type           Power      Damage    Failure   Level
 Corpse Rot               Necr/Air       4%         N/A       83%         2
 Poisonous Vapours        Pois/Air       4%         N/A       83%         2
 Confusing Touch          Hex            2%         N/A       96%         3
 Vampiric Draining        Necr           2%         2d6       96%         3
 Olgreb's Toxic Radiance  Pois           2%         N/A       100%        4
 Ozocubu's Refrigeration  Ice            1%         4d5       100%        7
 Ignition                 Fire           1%         3d3       100%        8


Dungeon Overview and Level Annotations

Branches:
Dungeon (4/15)
 Temple: D:4-7

Altars:
Zin

Shops:
D:1 (

Portals:
Ossuary: D:4

Annotations:
D:3 Sigmund


Innate Abilities, Weirdness & Mutations

You have very sharp teeth.
Your uncanny sense of smell can sniff out nearby items.
Your experience applies equally to all skills.


Message History

You climb downwards.
You hear the hiss of flowing sand.
There is an entrance to an ossuary on this level.
Hurry and find it before the portal is buried!
You hear the slow hiss of a distant avalanche of sand.
Reactivating autopickup.
There is a stone staircase leading up here.
Found a mace.
Found a blackened gold wand.
y - a wand of mindburst (12)
Found a robe.
Found a stone staircase leading down.
HP restored.
You see here a +0 mace.
You hear the slow hiss of a very distant avalanche of sand.
Found a leather armour.
Found a book of Vapours.
You pick up a book of Vapours and begin reading...
You add the spells Poisonous Vapours and Corpse Rot to your library.
You hear the slow hiss of an avalanche of sand nearby.
Found a buckler.
Found 18 arrows.
An ogre comes into view. It is wielding a +0 giant spiked club.
Found a scroll of blinking.
The ogre shouts!
You feel the dreadful sensation subside.
a - a +0 vorpal hand crossbow (weapon)
You shoot a bolt. The bolt hits the ogre!
The ogre is moderately wounded.
You shoot a bolt. The bolt hits the ogre!
The ogre is severely wounded.
You feel a sense of dread.
h - a +3 vampiric battleaxe (weapon)
The ogre hits you with a +0 giant spiked club!!
You hit the ogre. Your bite misses the ogre.
The ogre is almost dead.
The ogre closely misses you.
You hit the ogre.
You feel better.
The ogre is almost dead.
The ogre hits you with a +0 giant spiked club!!
Ouch! That really hurt!
You die...

#..## ........[.... ##..##
............ ###.###
..?........ # ##..##
.......... # ∆ ##..##
......... #
##..###(....... ##
##..#.(.# ###. ####...O.#
###... ##...#..@.# ##.....
#........## ###......
##........## ####........
#..........####...........
#...........#..........##.
##
##.....[.............###..
.##
#.......##.........###...
..##
##.....###.......#####...
...# ##..###
##.....#####....


You could see an ogre.

Vanquished Creatures
  Jessica (D:2)
  Ijyb (D:3)
  Robin (D:2)
  4 adders
  A dart slug (D:2)
  3 ball pythons
  6 bats
  4 endoplasms
  A giant cockroach (D:2)
  10 goblins
  10 hobgoblins
  3 kobolds (D:1)
  4 quokkas
  2 frilled lizards
  3 rats
54 creatures vanquished.

Vanquished Creatures (others)
  A withered plant (D:3)
1 creature vanquished.

Grand Total: 55 creatures vanquished

Notes
Turn   | Place    | Note
-------+----------+-------------------------------------------
     0 | D:1      | weregamer the Gnoll Wanderer began the quest for the Orb.
     0 | D:1      | weregamer set off with the following items: a +0 vorpal
                  | hand crossbow, 24 bolts, a +0 hunting sling, 18 sling
                  | bullets, a +0 scale mail
     0 | D:1      | Reached XP level 1. HP: 17/17 MP: 1/1
   154 | D:1      | Identified a scroll of acquirement
   154 | D:1      | Acquired a +3 vampiric battleaxe
   159 | D:1      | Reached XP level 2. HP: 23/23 MP: 2/2
   457 | D:1      | Learned a level 1 spell: Slow
   654 | D:1      | Found Fazuaruw's Antique Weapon Boutique.
   771 | D:2      | Reached XP level 3. HP: 28/28 MP: 3/3
   879 | D:2      | Noticed Robin
   879 | D:2      | Noticed Jessica
   884 | D:2      | Reached skill level 1 in Invocations
   891 | D:2      | Killed Robin
   892 | D:2      | Reached skill level 1 in Short Blades
   892 | D:2      | Reached skill level 1 in Long Blades
   892 | D:2      | Reached skill level 1 in Axes
   892 | D:2      | Reached skill level 1 in Maces & Flails
   892 | D:2      | Reached skill level 1 in Polearms
   892 | D:2      | Reached skill level 1 in Staves
   892 | D:2      | Reached skill level 1 in Bows
   892 | D:2      | Reached skill level 1 in Throwing
   892 | D:2      | Reached skill level 1 in Stealth
   892 | D:2      | Reached skill level 1 in Shields
   892 | D:2      | Reached skill level 1 in Unarmed Combat
   892 | D:2      | Reached skill level 1 in Spellcasting
   894 | D:2      | Reached XP level 4. HP: 34/34 MP: 5/5
   903 | D:2      | Killed Jessica
   904 | D:2      | Reached skill level 1 in Conjurations
   904 | D:2      | Reached skill level 1 in Hexes
   904 | D:2      | Reached skill level 1 in Summonings
   904 | D:2      | Reached skill level 1 in Necromancy
   904 | D:2      | Reached skill level 1 in Translocations
   904 | D:2      | Reached skill level 1 in Transmutations
   904 | D:2      | Reached skill level 1 in Fire Magic
   904 | D:2      | Reached skill level 1 in Ice Magic
   904 | D:2      | Reached skill level 1 in Air Magic
   904 | D:2      | Reached skill level 1 in Earth Magic
   904 | D:2      | Reached skill level 1 in Poison Magic
  1661 | D:3      | Found a faded altar of an unknown god.
  1670 | D:3      | Prayed at the altar of an unknown god.
  1670 | D:3      | Became a worshipper of Zin the Law-Giver
  1670 | D:3      | Reached * piety under Zin
  1672 | D:3      | Fell from the grace of Zin
  1682 | D:3      | Noticed Sigmund
  1776 | D:3      | Noticed Ijyb
  1784 | D:3      | Killed Ijyb
  1785 | D:3      | Reached XP level 5. HP: 36/40 MP: 5/7
  1820 | D:4      | Found a sand-covered staircase.
  2060 | D:4      | Noticed an ogre
  2068 | D:4      | Slain by an ogre

Illustrated notes

Levels and vault maps discovered:
D:1:      scummos_arrival_checkerplants, layout_basic, serial_shops,
          nicolae_shop_behind_doors, chequers_serial_rivers_large_a,
          minmay_domino_4
D:2:      layout_basic, uniq_robin, uniq_jessica
D:3:      layout_basic, ebering_ecumenical_altar_petrified, uniq_sigmund,
          uniq_grinder, uniq_ijyb
D:4:      layout_cave_pods, lightli_ossuary_entry_decrepit_ruins

Skill      XL: |  1  2  3  4  5 |
---------------+----------------+-----
Invocations    | 1 |  1.6
Short Blades   | 1 |  1.4
Long Blades    | 1 |  1.4
Axes           | 1 |  1.4
Maces & Flails | 1 |  1.4
Polearms       | 1 |  1.4
Staves         | 1 |  1.4
Bows           | 1 |  1.4
Throwing       | 1 |  1.4
Stealth        | 1 |  1.4
Shields        | 1 |  1.4
Unarmed Combat | 1 |  1.4
Spellcasting   | 1 |  1.4
Conjurations   | 1 |  1.1
Hexes          | 1 |  1.1
Summonings     | 1 |  1.1
Necromancy     | 1 |  1.1
Translocations | 1 |  1.1
Transmutations | 1 |  1.1
Fire Magic     | 1 |  1.1
Ice Magic      | 1 |  1.1
Air Magic      | 1 |  1.1
Earth Magic    | 1 |  1.1
Poison Magic   | 1 |  1.1
Fighting       | 3 |  3.0
Slings         | 3 |  3.0
Dodging        | 3 |  3.0
Crossbows      | |  6.7
Armour         | |  4.8
Evocations     | |  4.8

Action                   |  1- 3 |  4- 6 || total
-------------------------+-------+-------++-------
Melee: Battleaxe         |    30 |    40 ||    70
       Bite              |     1 |     2 ||     3
 Fire: Hand crossbow     |    46 |    39 ||    85
Invok: Renounce Religion |       |     1 ||     1
  Use: Scroll            |     2 |     2 ||     4
Armor: Scale mail        |    46 |    37 ||    83
Dodge: Dodged            |    33 |    31 ||    64
